 Dungeon Crawl Stone Soup version 0.26-a0-1139-g7d2dc893a1 (webtiles) character file.

Game seed: 15388148042228848826

1239 night the Chiller (level 8, -4/52 HPs)
             Began as a Demonspawn Ice Elementalist on Dec 21, 2020.
             Slain by a troll (11 damage)
             ... on level 5 of the Dungeon.
             The game lasted 00:16:07 (5050 turns).

night the Chiller (Demonspawn Ice Elementalist)     Turns: 5050, Time: 00:16:08

Health: -4/52      AC:  9    Str:  9    XL:     8   Next: 25%
Magic:  8/18       EV: 12    Int: 19    God:
Gold:   267        SH:  0    Dex: 13    Spells: 9/20 levels left

rFire    . . .     SeeInvis .   m - +2 dagger (speed)
rCold    . . .     Faith    .   (no shield)
rNeg     . . .     Spirit   .   a - +0 robe
rPois    .         Reflect  .   (helmet restricted)
rElec    .         Harm     .   (no cloak)
rCorr    .         Rampage  .   (no gloves)
Will     .....                  (no boots)
Stlth    ++........             (no amulet)
HPRegen  8.17/turn              (no ring)
MPRegen  0.16/turn              (no ring)

@: icy armour
A: horns 2, powered by death 2, spiny 1
a: no special abilities


You were on level 5 of the Dungeon.
You visited 1 branch of the dungeon, and saw 5 of its levels.

You collected 267 gold pieces.

Inventory:

Hand Weapons
 i - a +0 dagger
 m - a +2 dagger of speed (weapon)
 n - a +0 hunting sling
Missiles
 h - 123 stones
 k - 41 arrows
 l - a throwing net
 r - 9 boomerangs
 s - 11 poisoned darts
 t - 16 sling bullets
Armour
 a - a +0 robe (worn)
Wands
 f - a wand of random effects (10)
Scrolls
 d - 8 scrolls of identify
 e - 2 scrolls of amnesia
 o - a scroll of magic mapping
Potions
 b - a potion of ambrosia
 c - 2 potions of haste


   Skills:
 - Level 1.7 Dodging
 - Level 1.7 Stealth
 + Level 6.7 Spellcasting
 + Level 7.4 Ice Magic


You had 9 spell levels left.
You knew the following spells:

 Your Spells              Type           Power        Failure   Level
a - Freeze                Ice            100%         1%          1
b - Frozen Ramparts       Ice            68%          1%          3
c - Ozocubu's Armour      Ice            34%          1%          3
d - Summon Ice Beast      Ice/Summ       20%          22%         4

Your spell library contained the following spells:

 Spells                   Type           Power        Failure   Level
 Magic Dart               Conj           24%          11%         1
 Searing Ray              Conj           12%          16%         2
 Hailstorm                Conj/Ice       20%          22%         4
 Dazzling Flash           Conj/Hex       12%          30%         3
 Fulminant Prism          Conj/Hex       3%           71%         4
 Iskenderun's Mystic Bla  Conj/Tloc      6%           71%         4


Dungeon Overview and Level Annotations

Branches:
Dungeon (5/15)
 Temple: D:4-7

Altars:
Elyvilon
Qazlal
Sif Muna
Wu Jian


Innate Abilities, Weirdness & Mutations

You have a pair of horns on your head.
You regenerate health from kills.
You are partially covered in sharp spines.


Message History

The troll barely misses you. The troll claws you but does no damage.
You hit the troll but do no damage.
You headbutt the troll, but do no damage.
The troll is almost dead.
The wall freezes the jackal.
Your ice beast closely misses the troll.
You hit the troll but do no damage.
The troll is almost dead.
The frozen ramparts melt away.
The troll bites you!
* * * LOW HITPOINT WARNING * * *
The troll barely misses you. The troll claws you but does no damage.
Your ice beast barely misses the troll.
You barely miss the troll.
The troll is severely wounded.
The jackal is struck by your spines.
You kill the jackal!
The troll bites you!
* * * LOW HITPOINT WARNING * * *
The troll misses you. The troll claws you!
You die...

..## #[ ..## ....
...## ...
....#######.. ..#
#....#....... ..#
##.....# #†##
##....# #).##
##...###.#.###Tr.#
##<.....#....@Y.#
#..#########...#
#......#....$.># #
###..###.#.###...#
###....# #.#.#
#.###
.......###.#.###.#
.................#
...........#######
#...########


You could see a troll, a quokka and a friendly ice beast (summoned).

Vanquished Creatures
  Grinder (D:5)
  Sigmund (D:3)
  Duvessa (D:4)
  An ogre (D:4)
  Dowan (D:4)
  A scorpion (D:4)
  2 howler monkeys (D:4)
  An orc wizard (D:5)
  An orc priest (D:5)
  Natasha (thrice) (D:2)
  Terence (D:3)
  4 gnolls (D:3)
  An adder (D:1)
  2 shadow imps (D:5)
  2 worms
  3 dart slugs
  2 leopard geckos
  6 orcs
  A ball python (D:1)
  A giant cockroach (D:4)
  5 goblins
  4 hobgoblins
  4 jackals (D:5)
  3 quokkas
  10 bats
  5 frilled lizards
  7 kobolds
  A quokka skeleton (D:5)
  5 rats
80 creatures vanquished.

Vanquished Creatures (collateral kills)
  Menkaure (D:5)
  An orc warrior (D:4)
  A black bear (D:4)
  An ogre (D:4)
  An orc priest (D:4)
  A howler monkey skeleton (D:4)
  4 orcs (D:4)
10 creatures vanquished.

Grand Total: 90 creatures vanquished

Notes
Turn   | Place    | Note
-------+----------+-------------------------------------------
     0 | D:1      | night the Demonspawn Ice Elementalist began the quest for
                  | the Orb.
     0 | D:1      | Reached XP level 1. HP: 13/13 MP: 3/3
   321 | D:1      | Gained mutation: You regenerate a little health from kills.
                  | [demonic ancestry]
   321 | D:1      | Reached XP level 2. HP: 11/19 MP: 1/5
   976 | D:1      | Reached skill level 4 in Ice Magic
  1550 | D:2      | Gained mutation: You regenerate health from kills. [demonic
                  | ancestry]
  1550 | D:2      | Reached XP level 3. HP: 24/24 MP: 5/7
  1603 | D:1      | Learned a level 3 spell: Frozen Ramparts
  1905 | D:2      | Learned a level 3 spell: Ozocubu's Armour
  2136 | D:2      | Noticed Natasha
  2158 | D:2      | Killed Natasha
  2159 | D:2      | Gained mutation: You have a pair of small horns on your
                  | head. [demonic ancestry]
  2159 | D:2      | Reached XP level 4. HP: 19/30 MP: 0/8
  2249 | D:2      | Noticed Natasha
  2254 | D:2      | Killed Natasha
  2307 | D:2      | Noticed Natasha
  2314 | D:2      | Killed Natasha
  2400 | D:3      | Noticed Terence
  2413 | D:3      | Killed Terence
  2414 | D:3      | Reached XP level 5. HP: 32/35 MP: 1/10
  2536 | D:3      | Found a stormy altar of Qazlal.
  2556 | D:3      | Found an ornate altar of the Wu Jian Council.
  2582 | D:3      | Reached skill level 5 in Ice Magic
  2843 | D:3      | Noticed Sigmund
  3128 | D:3      | Killed Sigmund
  3129 | D:3      | Gained mutation: You have a pair of horns on your head.
                  | [demonic ancestry]
  3129 | D:3      | Reached XP level 6. HP: 31/41 MP: 1/13
  3606 | D:4      | Learned a level 4 spell: Summon Ice Beast
  3621 | D:4      | Noticed an orc warrior
  3638 | D:4      | Killed an orc warrior
  3639 | D:4      | Reached skill level 5 in Spellcasting
  3714 | D:4      | Noticed Duvessa
  3716 | D:4      | Noticed Dowan
  3734 | D:4      | Reached skill level 6 in Ice Magic
  3734 | D:4      | Gained mutation: You are partially covered in sharp spines.
                  | [demonic ancestry]
  3734 | D:4      | Reached XP level 7. HP: 33/46 MP: 3/14
  3737 | D:4      | Killed Duvessa
  3737 | D:4      | Killed Dowan
  3884 | D:3      | Found a shimmering blue altar of Sif Muna.
  3884 | D:3      | Found a white marble altar of Elyvilon.
  4626 | D:5      | Entered Level 5 of the Dungeon
  4626 | D:5      | Noticed Menkaure
  4631 | D:5      | Reached skill level 7 in Ice Magic
  4750 | D:5      | Noticed Grinder
  4751 | D:5      | HP: 4/46 [Menkaure (23)]
  4757 | D:5      | Killed Menkaure
  4758 | D:5      | Reached XP level 8. HP: 38/52 MP: 17/17
  4762 | D:5      | Paralysed by Grinder for 4 turns
  4779 | D:5      | Killed Grinder
  5035 | D:5      | Noticed a troll
  5050 | D:5      | HP: 7/52 [troll (8)]
  5050 | D:5      | Slain by a troll

Illustrated notes

Levels and vault maps discovered:
D:1:      lemuel_arrival_hallway, layout_basic
D:2:      layout_rooms, uniq_natasha
D:3:      layout_basic, nicolae_overflow_hidden_temple, uniq_sigmund,
          uniq_terence
D:4:      layout_basic, dk_noncrumbling_3, uniq_duvessa
D:5:      layout_layer_cave, minmay_misc_feat_cross, lemuel_statue_altar,
          uniq_menkaure, uniq_grinder

Skill      XL: |  1  2  3  4  5  6  7 |
---------------+----------------------+-----
Ice Magic      | 4 5 6 7 |  7.4
Spellcasting   | 3 4 5 6 |  6.7
Dodging        | |  1.7
Stealth        | |  1.7

Action                   |  1- 3 |  4- 6 |  7- 9 || total
-------------------------+-------+-------+-------++-------
Melee: Unarmed           |    12 |       |       ||    12
       Dagger            |    14 |    15 |    38 ||    67
       Headbutt          |       |     2 |     4 ||     6
Throw: Stone             |       |     1 |       ||     1
       Throwing net      |       |     1 |       ||     1
 Cast: Freeze            |    48 |     8 |     7 ||    63
       Frozen Ramparts   |     7 |    16 |     7 ||    30
       Ozocubu's Armour  |     1 |     4 |     4 ||     9
       Summon Ice Beast  |       |     4 |     6 ||    10
  Use: Scroll            |       |     4 |     6 ||    10
       Potion            |       |     2 |     3 ||     5
 Stab: Sleeping          |     1 |     2 |       ||     3
Armor: Robe              |    13 |     8 |     5 ||    26
       Skin              |       |       |     2 ||     2
Dodge: Dodged            |    45 |    55 |    22 ||   122

Table legend: (Time is in decaauts)
 A = Elapsed time spent in this place.
 B = Non-inter-level travel time spent in this place.
 C = Inter-level travel time spent in this place.
 D = Time resting spent in this place.
 E = Time spent auto-exploring this place.
 F = Levels seen in this place.
 G = Mean time per level.
                   A        B        C        D        E       F      G
               +--------+--------+--------+--------+--------+-----+--------+
         Total |   5040 |   4853 |    187 |   1391 |   2540 |   5 | 1008.0 |
       Dungeon |   5040 |   4853 |    187 |   1391 |   2540 |   5 | 1008.0 |
               +--------+--------+--------+--------+--------+-----+--------+

Top non-repeatable levels by time:
     D:1: 1575 daAuts
     D:4: 1143 daAuts
     D:2: 1058 daAuts
     D:3: 960 daAuts
     D:5: 303 daAuts
